 Dungeon Crawl Stone Soup version 0.28.0-49-g6dfe1f597d (webtiles) character file.

Game seed: 17671241839723627974

19 joe1234567 the Poker (level 2, -1/23 HPs)
             Began as a Merfolk Gladiator on May 18, 2022.
             Frozen to death by an endoplasm (3 damage)
             ... on level 1 of the Dungeon.
             The game lasted 00:03:03 (493 turns).

joe1234567 the Poker (Merfolk Gladiator)             Turns: 493, Time: 00:03:03

Health: -1/23      AC:  4    Str: 14    XL:     2   Next: 75%
Magic:  2/2        EV: 13    Int:  7    God:
Gold:   14         SH:  0    Dex: 15    Spells: 1/1 levels left

rFire   + . .      SeeInvis .   a - +0 trident
rCold   x . .      Faith    .   (no shield)
rNeg    . . .      Spirit   .   b - +0 leather armour
rPois   .          Reflect  .   c - +0 helmet
rElec   .          Harm     .   (no cloak)
rCorr   .          Rampage  .   (no gloves)
Will    .....                   (no boots)
Stlth   +.........              (no amulet)
HPRegen 0.07/turn               f - ring of fire
MPRegen 0.08/turn               (no ring)

@: no status effects
A: (nimble swimmer 2), mertail
a: no special abilities


You were on level 1 of the Dungeon.
You visited 1 branch of the dungeon, and saw 1 of its levels.

You collected 14 gold pieces.

Inventory:

Hand Weapons
 a - a +0 trident (weapon)
Missiles
 d - 3 throwing nets (quivered)
Armour
 b - a +0 leather armour (worn)
 c - a +0 helmet (worn)
Jewellery
 f - a ring of fire (left hand)
Potions
 e - 2 potions of brilliance {unknown}


   Skills:
 + Level 2.7 Fighting
 + Level 4.9 Polearms
 + Level 2.0 Throwing
 + Level 4.3 Dodging


You had one spell level left.
You didn't know any spells.
Your spell library was empty.

Dungeon Overview and Level Annotations

Branches:
Dungeon (1/15)

Altars:


Innate Abilities, Weirdness & Mutations

((You are very nimble when in or above water. (Stealth+, EV+, Speed+++)))
Your lower body shifts to a powerful aquatic tail in water.


Message History

The giant cockroach is moderately wounded.
The giant cockroach closely misses you.
You hit the giant cockroach.
The giant cockroach is heavily wounded.
The giant cockroach bites you.
You puncture the giant cockroach!
You kill the giant cockroach!
You hit the kobold.
You kill the kobold!
You hit the endoplasm.
The endoplasm is almost dead.
The endoplasm hits you.
You hit the endoplasm.
You kill the endoplasm!
Items here: ( ) ††.
There is an open door here.
Items here: ( ) ††.
A goblin comes into view. It is wielding a +0 dagger.
The goblin shouts!
The goblin moves out of view.
An endoplasm comes into view.
The goblin misses you. The goblin hits you but does no damage.
You closely miss the goblin. The goblin misses you. The endoplasm freezes you.
You are frozen.
You feel a terrible chill!
You closely miss the goblin. The goblin hits you with a +0 dagger.
The endoplasm freezes you.
You are frozen.
You feel a terrible chill!
* * * LOW HITPOINT WARNING * * *
You barely miss the goblin. The goblin barely misses you.
The endoplasm freezes you.
You are frozen.
You feel a terrible chill!
* * * LOW HITPOINT WARNING * * *
You barely miss the goblin. The goblin barely misses you.
The endoplasm barely misses you.
You closely miss the goblin. The goblin barely misses you.
The endoplasm freezes you.
You are frozen.
You feel a terrible chill!
You die...

#.... .?# #.# #.#.#
#.###.##### #.#.#
#.##...... #...#
#.#.....## ##...#
#.....>..##
##....###.........#
#.....).'.........'
####...####.........#
#..g@..............##
#..J##.##.###...?.##
#..... ..##.# ##...##
#.(... ..## ##+##
#.......## ###...##
#... ##.#


You could see an endoplasm and a goblin.

Vanquished Creatures
  A ball python (D:1)
  2 endoplasms (D:1)
  2 giant cockroaches (D:1)
  2 goblins (D:1)
  3 hobgoblins (D:1)
  A quokka (D:1)
  A bat (D:1)
  3 kobolds (D:1)
  A rat (D:1)
16 creatures vanquished.

Vanquished Creatures (others)
  A ghoul (D:1)
  2 octopodes (D:1)
  A draconian (D:1)
  A troll (D:1)
  A formicid (D:1)
  3 spriggans (D:1)
  A vampire (D:1)
  A tengu (D:1)
  An ogre (D:1)
  4 tentacles (D:1)
16 creatures vanquished.

Grand Total: 32 creatures vanquished

Notes
Turn   | Place    | Note
-------+----------+-------------------------------------------
     0 | D:1      | joe1234567 the Merfolk Gladiator began the quest for the
                  | Orb.
     0 | D:1      | Reached XP level 1. HP: 16/16 MP: 1/1
     0 | D:1      | Noticed a spriggan
     0 | D:1      | Noticed a spriggan
     0 | D:1      | Noticed a spriggan
     0 | D:1      | Noticed a vampire
     0 | D:1      | Noticed a troll
     0 | D:1      | Noticed a formicid
     0 | D:1      | Noticed a ghoul
     0 | D:1      | Noticed a kraken
     0 | D:1      | Noticed a draconian
     0 | D:1      | Noticed an octopode
     0 | D:1      | Noticed a tengu
     0 | D:1      | Noticed an octopode
     0 | D:1      | Noticed an ogre
     5 | D:1      | Killed an octopode
     7 | D:1      | Killed a tengu
     7 | D:1      | Killed an ogre
     8 | D:1      | Killed an octopode
     8 | D:1      | Killed a vampire
     9 | D:1      | Killed a draconian
    10 | D:1      | Killed a spriggan
    10 | D:1      | Killed a troll
    11 | D:1      | Killed a formicid
    14 | D:1      | Killed a spriggan
    15 | D:1      | Killed a spriggan
    19 | D:1      | Killed a ghoul
   234 | D:1      | Reached XP level 2. HP: 22/23 MP: 2/2
   493 | D:1      | Frozen to death by an endoplasm

Illustrated notes

Levels and vault maps discovered:
D:1:      nicolae_arrival_kraken_aquarium_a, layout_loops_corners

Action                   || total
-------------------------++-------
Melee: Trident           ||    50
Armor: Leather armour    ||    19
Dodge: Dodged            ||    55
